 Dungeon Sprint DCSS version 0.26-a0-690-gcb57259078 (webtiles) character file.

Game seed: 2913278447969841130

446 jfcaron the Grappler (level 6, -4/71 HPs)
             Began as a Troll Berserker on Oct 25, 2020.
             Was a Believer of Trog.
             Slain by Sonja
             ... wielding a +0 dagger of distortion
              (6 damage)
             ... in the Dungeon (Sprint I: "Red Sonja").
             The game lasted 00:02:33 (281 turns).

jfcaron the Grappler (Troll Berserker)               Turns: 281, Time: 00:02:34

Health: -4/71      AC:  6    Str: 28    XL:     6   Next: 73%
Magic:  5/5        EV: 13    Int:  3    God:    Trog [**....]
Gold:   25         SH:  5    Dex:  9    Spells: 5/5 levels left

rFire    . . .     SeeInvis .     - Unarmed
rCold    . . .     Faith    .   (no shield)
rNeg     . . .     Spirit   .   a - +0 animal skin
rPois    .         Reflect  +   (helmet restricted)
rElec    .         Harm     .   (no cloak)
rCorr    .         Rampage  .   (gloves unavailable)
MR       .....     NoTele   +   (boots unavailable)
Stlth    +.........             l - amulet of reflection
HPRegen  0.61/turn              (no ring)
MPRegen  0.09/turn              (no ring)

@: lethally poisoned (-4 -> -4), slowed, very slow
A: large, unfitting armour, claws 3, regeneration 1, shaggy fur 1, tough skin 3
a: Berserk, Trog's Hand, Renounce Religion


You were in the Dungeon.
You worshipped Trog.
Trog was pleased with you.
You visited 1 branch You collected 297 gold pieces.
You spent 272 gold pieces at shops.

Inventory:

Missiles
 i - 14 stones (quivered)
Armour
 a - a +0 animal skin (worn)
Jewellery
 l - an amulet of reflection (around neck)
Wands
 h - a wand of random effects (15)
Scrolls
 g - a scroll of blinking
Potions
 d - a potion of haste
 e - 2 potions of magic
 f - a potion of berserk rage
 j - a potion of cancellation {unknown}
 k - a potion of lignification {unknown}
 m - a potion of mutation {unknown}
 n - a potion of degeneration {unknown}


   Skills:
 + Level 7.4 Fighting
 + Level 7.5 Dodging
 + Level 9.0 Unarmed Combat


You had 5 spell levels left.
You didn't know any spells.
Your spell library was empty.

Dungeon Overview and Level Annotations

Branches:
Dungeon (1/1)

Altars:
Cheibriados
Dithmenos
Elyvilon
Fedhas
Gozag
Hepliaklqana
Kikubaaqudgha
Nemelex Xobeh
Okawaru
Qazlal
Ru
Sif Muna
Trog
Uskayaw
Vehumet
Wu Jian
Yredelemnul
Zin
The Shining One

Shops:
D *

Annotations:
D Sonja


Innate Abilities, Weirdness & Mutations

You are too large for most types of armour.
You have claws for hands.
Your natural rate of healing is unusually fast.
You are covered in fur. (AC +1)
You have extremely tough skin. (AC +3)


Message History

You hear some strange, mumbled words.
You see here a curare-tipped dart {!f}.
A curare-tipped dart appears from out of thin air!
The curare-tipped dart hits you.
You are poisoned.
You have difficulty breathing.
You feel as though you will be slow longer.
You see here a curare-tipped dart {!f}.
You feel sick. Something hits you. Space bends around you.
Something hits you but does no damage. Space bends around you.
You block something's attack. Something hits you. Space bends around you.
Something hits you. Space warps horribly around you!!
* * * LOW HITPOINT WARNING * * *
Something barely misses you.
There is an open door, spattered with blood here.
You see here a yak corpse.
You completely miss something. Something completely misses you.
Something hits you but does no damage. You block something's attack.
You barely miss something.
You feel sick. Something hits you.
You die...

################
#<.#..)..#.)'..#
#..').#..'..#..+
#..#####'#####'#
#..####..#...#(#
#..#__####..##)#
#..#_____##'#_(+
#⌠⌠#_.∩...@((._#
####_..__##_(#+#
#_____###'#
####### #.# $.$
$.$# ##.## #+#


There were no monsters in sight!

Vanquished Creatures
  Sigmund (D)
  A yak (D)
  An ogre (D)
  A jelly (D)
  Ijyb (D)
5 creatures vanquished.

Notes
Turn   | Place    | Note
-------+----------+-------------------------------------------
     0 | D        | jfcaron the Troll Berserker began the quest for the Orb.
     0 | D        | Reached XP level 1. HP: 22/22 MP: 0/0
     2 | D        | Noticed Ijyb
    11 | D        | Killed Ijyb
    11 | D        | Reached skill level 4 in Unarmed Combat
    11 | D        | Reached XP level 2. HP: 31/32 MP: 1/1
    15 | D        | Noticed an ogre
    18 | D        | Killed an ogre
    18 | D        | Reached skill level 5 in Fighting
    18 | D        | Reached skill level 5 in Dodging
    18 | D        | Reached skill level 6 in Unarmed Combat
    18 | D        | Reached XP level 3. HP: 42/42 MP: 2/2
    18 | D        | Reached XP level 4. HP: 50/50 MP: 3/3
    63 | D        | Noticed Sigmund
    67 | D        | Killed Sigmund
    67 | D        | Reached ** piety under Trog
    67 | D        | Reached skill level 7 in Unarmed Combat
    67 | D        | Reached XP level 5. HP: 39/61 MP: 4/4
    67 | D        | Reached XP level 6. HP: 43/68 MP: 5/5
   118 | D        | Found an ornate altar of the Wu Jian Council.
   118 | D        | Found a shimmering blue altar of Sif Muna.
   120 | D        | Found a radiant altar of Vehumet.
   125 | D        | Reached skill level 8 in Unarmed Combat
   157 | D        | Found Biarghy's Assorted Antiques.
   157 | D        | Found an ancient bone altar of Kikubaaqudgha.
   157 | D        | Found a hazy altar of Hepliaklqana.
   157 | D        | Found a stormy altar of Qazlal.
   157 | D        | Found a hide-covered altar of Uskayaw.
   157 | D        | Found a blossoming altar of Fedhas.
   157 | D        | Found a bloodstained altar of Trog.
   157 | D        | Found an iron altar of Okawaru.
   157 | D        | Found a basalt altar of Yredelemnul.
   157 | D        | Found a glowing golden altar of the Shining One.
   157 | D        | Found a snail-covered altar of Cheibriados.
   157 | D        | Found a sacrificial altar of Ru.
   157 | D        | Found a glowing silver altar of Zin.
   157 | D        | Found a shadowy altar of Dithmenos.
   157 | D        | Found a white marble altar of Elyvilon.
   157 | D        | Noticed a yak
   163 | D        | Killed a yak
   163 | D        | Reached skill level 9 in Unarmed Combat
   164 | D        | Found an opulent altar of Gozag.
   165 | D        | Found a sparkling altar of Nemelex Xobeh.
   169 | D        | Bought a bubbling black potion for 28 gold pieces
   169 | D        | Bought a bubbling green potion for 28 gold pieces
   169 | D        | Bought a triangular jasper amulet for 160 gold pieces
   169 | D        | Bought a black potion for 28 gold pieces
   169 | D        | Bought a golden potion for 28 gold pieces
   252 | D        | Noticed Sonja
   262 | D        | HP: 14/71 [asphyx]
   279 | D        | HP: 2/71 [something (20)]
   281 | D        | Slain by Sonja

Illustrated notes

Levels and vault maps discovered:
D:        dungeon_sprint_1 [red_sonja_temple_1, red_sonja_temple_small_1]

Skill      XL: |  1  2  3  4  5  6 |
---------------+-------------------+-----
Fighting       | 3 5 6 7 |  7.4
Dodging        | 3 5 6 7 |  7.5
Unarmed Combat | 4 6 7 9 |  9.0

Action                   |  1- 3 |  4- 6 || total
-------------------------+-------+-------++-------
Melee: Unarmed           |    11 |    14 ||    25
Throw: Stone             |       |     3 ||     3
Invok: Berserk           |     1 |       ||     1
       Trog's Hand       |       |     1 ||     1
Evoke: Wand              |       |     8 ||     8
  Use: Potion            |       |     2 ||     2
Armor: Animal skin       |     1 |     5 ||     6
Dodge: Dodged            |     3 |     8 ||    11
Block: Other             |       |     5 ||     5
       Reflection        |       |     1 ||     1

Table legend: (Time is in decaauts)
 A = Elapsed time spent in this place.
 B = Non-inter-level travel time spent in this place.
 C = Inter-level travel time spent in this place.
 D = Time resting spent in this place.
 E = Time spent auto-exploring this place.
 F = Levels seen in this place.
 G = Mean time per level.
                   A        B        C        D        E       F      G
               +--------+--------+--------+--------+--------+-----+--------+
         Total |    297 |    297 |      0 |    165 |      0 |   1 |  297.0 |
       Dungeon |    297 |    297 |      0 |    165 |      0 |   1 |  297.0 |
               +--------+--------+--------+--------+--------+-----+--------+

Top non-repeatable levels by time:
       D: 297 daAuts
